Condors vs Wolfpack

Created - December 16, 2024 at 20:11

Goals
1 2 3 T
Condors 2 1 2 5
Wolfpack 1 1 0 2
Shots
1 2 3 T
Condors 13 4 26 43
Wolfpack 6 9 8 23

1st period

1. Condors , Martin Frk 12 (Nick Shore 23) at 11:43 (PP)
2. Wolfpack , Nolan Patrick 10 (Sebastian Collberg 10) at 16:28
3. Condors , Tyson Jost 12 (Adam Erne 24, Nikolai Knyzhov 5) at 19:18

Penalties :
Mikhail Vorobyev (Har) for Hooking (Minor) at 9:46

2nd period

4. Wolfpack , Sebastian Collberg 12 (Alexander Volkov 2, Ryan Culkin 4) at 5:16 (PP)
5. Condors , Pontus Holmberg 2 (Ryan McLeod 5, Nikolai Knyzhov 6) at 9:17

Penalties :
Sebastian Collberg (Har) for Tripping (Minor) at 2:36, Nick Shore (Bak) for Diving (Minor) at 4:24, Nick Shore (Bak) for Interference (Minor) at 5:38, Ryan McLeod (Bak) for Holding (Minor) at 6:55, Cale Fleury (Har) for Slashing (Minor) at 14:00, Adam Erne (Bak) for Tripping (Minor) at 16:59, Shane Pinto (Har) for Tripping (Minor) at 19:28

3rd period

6. Condors , Pontus Holmberg 3 (Ryan McLeod 6) at 6:54
7. Condors , Raphael Lavoie 2 (Nikolai Knyzhov 7, Ryan McLeod 7) at 17:23

Penalties :
Nolan Patrick (Har) for Slashing (Minor) at 7:21

Goalie Stats

Stuart Skinner (Bak), 21 saves from 23 shots - (0.913), W, 8-8-1, 60:00 minutes
Samuel Ersson (Har), 38 saves from 43 shots - (0.884), L, 4-5-2, 60:00 minutes

Players Stats for Condors

Player Name              G  A  P  +/- PIM S  H  SB GA TA FO     MP     PP MP  PK MP  
------------------------------------------------------------------------------------
Adam Erne                0  1  1   1  2   6  3  0  0  0  1/1    25:22   5:33   1:42 
Alexander Alexeyev       0  0  0   0  0   0  2  0  0  0  0/0    20:04   4:17   2:33 
Alexandre Carrier        0  0  0   0  0   1  2  0  1  3  0/0    30:49   4:47   3:23 
Cody Glass               0  0  0  -1  0   3  2  0  0  0  0/0     8:40   0:00   0:00 
Connor Hurley            0  0  0  -1  0   1  0  0  0  0  2/5     9:00   0:00   0:20 
Evan Bouchard            0  0  0   0  0   7  1  3  0  0  0/0    28:50   5:19   3:23 
Gustav Olofsson          0  0  0   0  0   1  4  1  2  0  0/0    20:13   4:17   2:33 
Jordan Subban            0  0  0   3  0   2  0  0  0  0  0/0     9:04   0:44   0:00 
Klim Kostin              0  0  0   0  0   2  1  0  1  0  0/0    18:19   4:09   2:19 
Martin Frk               1  0  1   0  0   2  0  0  2  0  0/2    17:17   5:33   0:00 
Nick Shore               0  1  1   0  4   4  3  2  0  0  15/21  19:04   5:32   1:49 
Nikolai Knyzhov          0  3  3   3  0   2  0  0  1  0  0/0     8:12   0:00   0:00 
Philip Broberg           0  0  0   0  0   0  0  0  0  0  0/0     2:48   0:00   0:00 
Pontus Holmberg          2  0  2   3  0   3  0  0  0  0  0/0     5:43   0:00   0:00 
Raphael Lavoie           1  0  1   3  0   2  0  0  0  0  0/0     5:43   0:00   0:00 
Ryan McLeod              0  3  3   3  2   0  0  0  0  0  3/3     7:29   0:00   1:45 
Taro Hirose              0  0  0  -1  0   3  1  0  0  0  0/1     9:17   0:00   0:36 
Tyson Jost               1  0  1   1  0   2  1  0  1  0  18/31  22:41   4:09   0:29 
Yegor Sharangovich       0  0  0   1  0   2  2  1  0  0  4/6    24:32   4:09   2:09 

Players Stats for Wolfpack

Player Name              G  A  P  +/- PIM S  H  SB GA TA FO     MP     PP MP  PK MP  
------------------------------------------------------------------------------------
Alex Barre-Boulet        0  0  0   1  0   2  0  0  0  0  6/15   14:40   2:41   0:20 
Alexander Barabanov      0  0  0  -1  0   2  2  1  0  0  2/3    25:08   2:40   5:27 
Alexander Volkov         0  1  1  -2  0   0  2  0  0  1  0/1    14:55   0:45   0:00 
Andrei Altybarmakyan     0  0  0  -1  0   1  1  0  0  0  0/0     7:47   0:00   0:00 
Cale Fleury              0  0  0   0  2   0  0  1  0  0  0/0    10:02   0:00   0:00 
Colton White             0  0  0  -1  0   1  3  3  0  0  0/0    27:46   3:09   5:49 
Derrick Pouliot          0  0  0  -1  0   1  2  6  0  1  0/0    27:46   3:09   5:49 
Dryden Hunt              0  0  0   0  0   0  0  0  0  0  0/0     4:17   0:00   0:59 
Jakub Lauko              0  0  0  -1  0   4  1  0  0  0  0/0     8:36   0:11   0:16 
Joshua Jacobs            0  0  0   0  0   0  0  1  0  1  0/0     9:55   0:00   0:00 
K'Andre Miller           0  0  0  -2  0   0  0  1  0  3  0/0    22:19   2:47   3:53 
Mikhail Vorobyev         0  0  0  -2  2   2  1  0  1  0  6/14   14:48   0:57   3:08 
Nolan Patrick            1  0  1   0  2   4  1  0  0  1  12/36  23:02   2:49   4:35 
Owen Tippet              0  0  0   0  0   0  1  0  0  0  0/0    12:17   2:23   0:00 
Ryan Culkin              0  1  1  -2  0   1  1  0  0  1  0/0    22:19   2:47   3:53 
Sebastian Collberg       1  1  2   0  2   3  1  3  2  0  0/0    18:40   3:29   0:00 
Shane Pinto              0  0  0  -1  2   0  1  0  0  0  1/1     9:27   0:00   1:17 
Yegor Korshkov           0  0  0  -2  0   2  1  0  0  0  0/0    16:18   1:53   3:22 

3 Stars

1 - Pontus Holmberg (Bak)
2 - Nikolai Knyzhov (Bak)
3 - Ryan McLeod (Bak)

Power Play

Condors - 1 on 5 Attempt(s) - 20.00%
Wolfpack - 1 on 4 Attempt(s) - 25.00%

Penalty Kill

Condors - 3 on 4 Attempt(s) - 75.00% - Score 0 goal in Penalty Kill
Wolfpack - 4 on 5 Attempt(s) - 80.00% - Score 0 goal in Penalty Kill

Team Stat

Condors - Hits : 22 - Faceoff Wins : 43 - Blocked Shots : 7 - Penalty Minutes : 8
Wolfpack - Hits : 18 - Faceoff Wins : 27 - Blocked Shots : 16 - Penalty Minutes : 10

Official

Referees : Reid Anderson and Kelly Sutherland
Linesman : Pierre Racicot and Travis Gawryletz

Game Notes

Dryden Hunt is injured at 11:35 of 1st period (Groin)

Finance

Level 1 -- Attendance: 1950 (97.50%) -- Ticket Income $136,500
Level 2 -- Attendance: 880 (88.00%) -- Ticket Income $35,200
Total Attendance: 2830 (94.33%)
Total Ticket Income: $171,700
Other Income: $8,585
Total Income: $180,285

Condors

5 vs 5 Forward 
   Center                   Left Wing                Right Wing               Time % Phy DF OF 
 1 Tyson Jost               Adam Erne                Yegor Sharangovich       40     1   2  2  
 2 Nick Shore               Klim Kostin              Martin Frk               30     1   2  2  
 3 Connor Hurley            Taro Hirose              Cody Glass               20     1   2  2  
 4 Ryan McLeod              Raphael Lavoie           Pontus Holmberg          10     1   2  2  

5 vs 5 Defense 
   Defense                  Defense                                           Time % Phy DF OF 
 1 Alexandre Carrier        Evan Bouchard                                     40     1   2  2  
 2 Gustav Olofsson          Alexander Alexeyev                                30     1   2  2  
 3 Jordan Subban            Nikolai Knyzhov                                   20     1   2  2  
 4 Philip Broberg           Alexandre Carrier                                 10     1   2  2  

PowerPlay Forward 
   Center                   Left Wing                Right Wing               Time % Phy DF OF 
 1 Nick Shore               Adam Erne                Martin Frk               60     1   2  2  
 2 Tyson Jost               Klim Kostin              Yegor Sharangovich       40     1   2  2  

PowerPlay Defense
   Defense                  Defense                                           Time % Phy DF OF 
 1 Alexandre Carrier        Evan Bouchard                                     60     1   2  2  
 2 Gustav Olofsson          Alexander Alexeyev                                40     1   2  2  

Penalty Kill 4 Players Forward 
   Center                   Wing                     Time % Phy DF OF 
 1 Nick Shore               Adam Erne                60     1   2  2  
 2 Tyson Jost               Klim Kostin              40     1   2  2  

Penalty Kill 4 Players Defense
   Defense                  Defense                  Time % Phy DF OF 
 1 Alexandre Carrier        Evan Bouchard            60     1   2  2  
 2 Gustav Olofsson          Alexander Alexeyev       40     1   2  2  

Penalty Kill - 3 Players Forward 
   Forward                                           Time % Phy DF OF 
 1 Nick Shore                                        60     1   2  2  
 2 Tyson Jost                                        40     1   2  2  

Penalty Kill - 3 Players Defense
   Defense                  Defense                  Time % Phy DF OF 
 1 Alexandre Carrier        Evan Bouchard            60     1   2  2  
 2 Gustav Olofsson          Alexander Alexeyev       40     1   2  2  

4 vs 4 Forward 
   Center                   Wing                     Time % Phy DF OF 
 1 Nick Shore               Adam Erne                60     1   2  2  
 2 Tyson Jost               Klim Kostin              40     1   2  2  

4 vs 4 Defense
   Defense                  Defense                  Time % Phy DF OF 
 1 Alexandre Carrier        Evan Bouchard            60     1   2  2  
 2 Gustav Olofsson          Alexander Alexeyev       40     1   2  2  

Last Minutes Offensive
   Center                   Left Wing                Right Wing               Defense                  Defense                  
   Nick Shore               Adam Erne                Martin Frk               Alexandre Carrier        Evan Bouchard            

Last Minutes Defensive
   Center                   Left Wing                Right Wing               Defense                  Defense                  
   Nick Shore               Adam Erne                Martin Frk               Alexandre Carrier        Evan Bouchard            

Goaltenders
Starting : Stuart Skinner           
Backup : Jaxson Stauber           

Extra Forwards
Normal : Yegor Sharangovich, Klim Kostin, Taro Hirose - PP : Yegor Sharangovich, Klim Kostin - PK : Yegor Sharangovich
Extra Defensemen
Normal : Jordan Subban, Nikolai Knyzhov, Philip Broberg - PP : Jordan Subban - PK : Jordan Subban, Nikolai Knyzhov
Penalty Shots
Adam Erne, Martin Frk, Nick Shore, Tyson Jost, Yegor Sharangovich
Custom OT Lines Forwards
Adam Erne, Martin Frk, Nick Shore, Tyson Jost, Yegor Sharangovich, Klim Kostin, Taro Hirose, Cody Glass, Connor Hurley, Pontus Holmberg
Custom OT Lines Defensemen
Alexandre Carrier, Evan Bouchard, Gustav Olofsson, Alexander Alexeyev, Jordan Subban

Scratches
Cole Cassels (Healthy), Colin White (Healthy), Semyon Der-Arguchintsev (Healthy), Jeremy Gregoire (Healthy), Robin Salo (Healthy)
Filip Kral (Healthy), Brayden Pachal (Healthy), Remi Elie (Healthy), Filip Johansson (Healthy), Lucas Johansen (Healthy)
Cole Fonstad (Healthy), Jack Perbix (Healthy), Filip Cederqvist (Healthy), Michael Dipietro (Healthy)

Wolfpack

5 vs 5 Forward 
   Center                   Left Wing                Right Wing               Time % Phy DF OF 
 1 Nolan Patrick            Dryden Hunt              Sebastian Collberg       40     1   2  2  
 2 Alex Barre-Boulet        Alexander Barabanov      Owen Tippet              30     1   2  2  
 3 Mikhail Vorobyev         Yegor Korshkov           Alexander Volkov         20     1   2  2  
 4 Shane Pinto              Jakub Lauko              Andrei Altybarmakyan     10     1   2  2  

5 vs 5 Defense 
   Defense                  Defense                                           Time % Phy DF OF 
 1 Derrick Pouliot          Colton White                                      40     1   2  2  
 2 Ryan Culkin              K'Andre Miller                                    30     1   2  2  
 3 Cale Fleury              Joshua Jacobs                                     20     1   2  2  
 4 Derrick Pouliot          Colton White                                      10     1   2  2  

PowerPlay Forward 
   Center                   Left Wing                Right Wing               Time % Phy DF OF 
 1 Nolan Patrick            Dryden Hunt              Sebastian Collberg       60     1   2  2  
 2 Alex Barre-Boulet        Alexander Barabanov      Owen Tippet              40     1   2  2  

PowerPlay Defense
   Defense                  Defense                                           Time % Phy DF OF 
 1 Derrick Pouliot          Colton White                                      60     1   2  2  
 2 Ryan Culkin              K'Andre Miller                                    40     1   2  2  

Penalty Kill 4 Players Forward 
   Center                   Wing                     Time % Phy DF OF 
 1 Nolan Patrick            Dryden Hunt              60     1   2  2  
 2 Alex Barre-Boulet        Alexander Barabanov      40     1   2  2  

Penalty Kill 4 Players Defense
   Defense                  Defense                  Time % Phy DF OF 
 1 Derrick Pouliot          Colton White             60     1   2  2  
 2 Ryan Culkin              K'Andre Miller           40     1   2  2  

Penalty Kill - 3 Players Forward 
   Forward                                           Time % Phy DF OF 
 1 Nolan Patrick                                     60     1   2  2  
 2 Alex Barre-Boulet                                 40     1   2  2  

Penalty Kill - 3 Players Defense
   Defense                  Defense                  Time % Phy DF OF 
 1 Derrick Pouliot          Colton White             60     1   2  2  
 2 Ryan Culkin              K'Andre Miller           40     1   2  2  

4 vs 4 Forward 
   Center                   Wing                     Time % Phy DF OF 
 1 Nolan Patrick            Dryden Hunt              60     1   2  2  
 2 Alex Barre-Boulet        Alexander Barabanov      40     1   2  2  

4 vs 4 Defense
   Defense                  Defense                  Time % Phy DF OF 
 1 Derrick Pouliot          Colton White             60     1   2  2  
 2 Ryan Culkin              K'Andre Miller           40     1   2  2  

Last Minutes Offensive
   Center                   Left Wing                Right Wing               Defense                  Defense                  
   Nolan Patrick            Dryden Hunt              Sebastian Collberg       Derrick Pouliot          Colton White             

Last Minutes Defensive
   Center                   Left Wing                Right Wing               Defense                  Defense                  
   Nolan Patrick            Dryden Hunt              Sebastian Collberg       Derrick Pouliot          Colton White             

Goaltenders
Starting : Samuel Ersson            
Backup : Charlie Lindgren         

Extra Forwards
Normal : Alexander Barabanov, Alex Barre-Boulet, Alexander Volkov - PP : Alexander Barabanov, Alex Barre-Boulet - PK : Alexander Barabanov
Extra Defensemen
Normal : K'Andre Miller, Cale Fleury, Joshua Jacobs - PP : K'Andre Miller - PK : K'Andre Miller, Cale Fleury
Penalty Shots
Sebastian Collberg, Nolan Patrick, Owen Tippet, Dryden Hunt, Alexander Barabanov
Custom OT Lines Forwards
Sebastian Collberg, Nolan Patrick, Owen Tippet, Dryden Hunt, Alexander Barabanov, Alex Barre-Boulet, Alexander Volkov, Andrei Altybarmakyan, Mikhail Vorobyev, Yegor Korshkov
Custom OT Lines Defensemen
Derrick Pouliot, Colton White, Ryan Culkin, K'Andre Miller, Cale Fleury

Scratches
Ryan Poehling (Healthy), Mason Shaw (Healthy), Ben Jones (Healthy), Samuel Houde (Healthy), Jake Marchment (Healthy)
Dylan Samberg (Healthy), Andrew Peeke (Healthy), Dante Fabbro (Healthy), Jeffrey Viel (Healthy), Linus Sandin (Healthy)
Jack Drury (Healthy), Martin Kaut (Healthy), Mathias Laferriere (Healthy), Maxwell Crozier (Healthy), Will Francis (Healthy)
Dustin Wolf (Healthy)

% Time on Ice - Condors

Lines # - Real PCT - Wanted PCT - Time Play
Normal Forward
1 - 41% - 40% - 17:57
2 - 27% - 30% - 11:51
3 - 20% - 20% - 8:40
4 - 13% - 10% - 5:43
Normal Defense
1 - 45% - 40% - 19:57
2 - 30% - 30% - 13:14
3 - 19% - 20% - 8:12
4 - 6% - 10% - 2:48
PP Forward
1 - 57% - 60% - 5:33
2 - 43% - 40% - 4:09
PP Defense
1 - 56% - 60% - 5:25
2 - 44% - 40% - 4:17
PK Forward
1 - 91% - 60% - 4:45
2 - 9% - 40% - 0:29
PK Defense
1 - 51% - 60% - 2:41
2 - 49% - 40% - 2:33
PK3 Forward
1 - 100% - 60% - 0:42
2 - 0% - 40% - 0:00
PK3 Defense
1 - 100% - 60% - 0:42
2 - 0% - 40% - 0:00
44 Forward
1 - 100% - 60% - 0:11
2 - 0% - 40% - 0:00
44 Defense
1 - 100% - 60% - 0:11
2 - 0% - 40% - 0:00
Last Minute Offensive  - 0:00
Last Minute Defensive  - 0:00
Total
Forward - 60:00
Defense - 60:00

% Time on Ice - Wolfpack

Lines # - Real PCT - Wanted PCT - Time Play
Normal Forward
1 - 36% - 40% - 15:54
2 - 22% - 30% - 9:50
3 - 24% - 20% - 10:40
4 - 18% - 10% - 7:47
Normal Defense
1 - 40% - 40% - 17:28
2 - 35% - 30% - 15:28
3 - 22% - 20% - 9:55
4 - 3% - 10% - 1:20
PP Forward
1 - 75% - 60% - 4:27
2 - 25% - 40% - 1:29
PP Defense
1 - 53% - 60% - 3:09
2 - 47% - 40% - 2:47
PK Forward
1 - 97% - 60% - 9:22
2 - 3% - 40% - 0:20
PK Defense
1 - 60% - 60% - 5:49
2 - 40% - 40% - 3:53
PK3 Forward
1 - 0% - 60%
2 - 0% - 40%
PK3 Defense
1 - 0% - 60%
2 - 0% - 40%
44 Forward
1 - 100% - 60% - 0:11
2 - 0% - 40% - 0:00
44 Defense
1 - 0% - 60% - 0:00
2 - 100% - 40% - 0:11
Last Minute Offensive  - 0:00
Last Minute Defensive  - 0:00
Total
Forward - 60:00
Defense - 60:00

Play-by-Play

1st period


0:01 of 1st period - Tyson Jost wins face-off versus Nolan Patrick in neutral zone.
0:16 of 1st period - Slapshot by Sebastian Collberg.
0:16 of 1st period - Shot Misses the Net.
0:48 of 1st period - Snap shot by Yegor Sharangovich.
0:48 of 1st period - Stopped by Samuel Ersson with a rebound.
0:58 of 1st period - Snap shot by Adam Erne.
0:58 of 1st period - Shot Misses the Net.
1:20 of 1st period - Snap shot by Martin Frk.
1:20 of 1st period - Shot Misses the Net.
1:22 of 1st period - Snap shot by Martin Frk.
1:22 of 1st period - Shot Blocked by Cale Fleury.
1:24 of 1st period - Slapshot by Evan Bouchard.
1:24 of 1st period - Stopped by Samuel Ersson with a rebound.
1:34 of 1st period - Joshua Jacobs is hit by Alexander Alexeyev and loses puck.
2:08 of 1st period - Wrist shot by Nolan Patrick.
2:08 of 1st period - Shot Misses the Net.
2:20 of 1st period - Nikolai Knyzhov is hit by Alexander Barabanov and loses puck.
2:48 of 1st period - Ryan Culkin is hit by Gustav Olofsson and loses puck.
3:32 of 1st period - Wrist shot by Mikhail Vorobyev.
3:32 of 1st period - Shot Misses the Net.
4:07 of 1st period - Alexander Barabanov is hit by Cody Glass and loses puck.
4:22 of 1st period - K'Andre Miller is hit by Alexander Alexeyev and loses puck.
4:35 of 1st period - Jordan Subban is hit by Jakub Lauko and loses puck.
4:46 of 1st period - Slapshot by Shane Pinto.
4:46 of 1st period - Shot Misses the Net.
4:58 of 1st period - Backhand shot by Sebastian Collberg.
4:58 of 1st period - Stopped by Stuart Skinner without a rebound.
4:59 of 1st period - Yegor Sharangovich wins face-off versus Nolan Patrick in Condors zone.
5:30 of 1st period - Cale Fleury is hit by Gustav Olofsson and loses puck.
5:43 of 1st period - Yegor Korshkov is hit by Cody Glass and loses puck.
5:51 of 1st period - Snap shot by Cody Glass.
5:51 of 1st period - Stopped by Samuel Ersson with a rebound.
5:53 of 1st period - Slapshot by Jordan Subban.
5:53 of 1st period - Stopped by Samuel Ersson without a rebound.
5:54 of 1st period - Tyson Jost wins face-off versus Nolan Patrick in Wolfpack zone.
6:20 of 1st period - Jordan Subban is hit by Colton White and loses puck.
6:49 of 1st period - Wrist shot by Taro Hirose.
6:49 of 1st period - Stopped by Samuel Ersson without a rebound.
6:50 of 1st period - Tyson Jost wins face-off versus Nolan Patrick in Wolfpack zone.
6:59 of 1st period - Wrist shot by Adam Erne.
6:59 of 1st period - Stopped by Samuel Ersson with a rebound.
7:01 of 1st period - Slapshot by Yegor Sharangovich.
7:01 of 1st period - Stopped by Samuel Ersson without a rebound.
7:02 of 1st period - Tyson Jost wins face-off versus Nolan Patrick in Wolfpack zone.
7:24 of 1st period - Icing by Alexandre Carrier.
7:25 of 1st period - Alexander Barabanov wins face-off versus Yegor Sharangovich in Condors zone.
7:34 of 1st period - Snap shot by Alex Barre-Boulet.
7:34 of 1st period - Deflect By Alexander Barabanov.
7:34 of 1st period - Shot Misses the Net.
7:34 of 1st period - Puck is out of play.
7:35 of 1st period - Nick Shore wins face-off versus Alex Barre-Boulet in Condors zone.
8:02 of 1st period - K'Andre Miller is hit by Gustav Olofsson and loses puck.
8:13 of 1st period - Slapshot by Derrick Pouliot.
8:13 of 1st period - Stopped by Stuart Skinner with a rebound.
8:29 of 1st period - Adam Erne is hit by Sebastian Collberg and loses puck.
8:48 of 1st period - Alexandre Carrier is hit by Alexander Volkov and loses puck.
9:09 of 1st period - Alexandre Carrier is hit by Shane Pinto and loses puck.
9:46 of 1st period - Minor Penalty to Mikhail Vorobyev for Hooking.
9:47 of 1st period - Nick Shore wins face-off versus Nolan Patrick in Wolfpack zone.
11:34 of 1st period - Dryden Hunt is hit by Tyson Jost and loses puck.
11:35 of 1st period - Dryden Hunt from Wolfpack is injured at 11:35 of 1st period (Groin).
11:36 of 1st period - Nick Shore wins face-off versus Nolan Patrick in Wolfpack zone.
11:43 of 1st period - Snap shot by Martin Frk.
11:43 of 1st period - Goal by Martin Frk - Condors : 1 - Wolfpack : 0.
11:44 of 1st period - Tyson Jost wins face-off versus Nolan Patrick in neutral zone.
11:55 of 1st period - Wrist shot by Tyson Jost.
11:55 of 1st period - Shot Misses the Net.
12:36 of 1st period - Off-side.
12:37 of 1st period - Nolan Patrick wins face-off versus Tyson Jost in neutral zone.
12:52 of 1st period - Wrist shot by Tyson Jost.
12:52 of 1st period - Deflect By Adam Erne.
12:52 of 1st period - Shot Misses the Net.
12:52 of 1st period - Puck is out of play.
12:53 of 1st period - Nick Shore wins face-off versus Alex Barre-Boulet in Wolfpack zone.
13:04 of 1st period - Snap shot by Alex Barre-Boulet.
13:04 of 1st period - Deflect By Martin Frk.
13:04 of 1st period - Shot Blocked by Gustav Olofsson.
13:04 of 1st period - Puck is out of play.
13:05 of 1st period - Nolan Patrick wins face-off versus Tyson Jost in Condors zone.
13:06 of 1st period - Snap shot by Sebastian Collberg.
13:06 of 1st period - Shot Misses the Net.
14:15 of 1st period - Snap shot by Cody Glass.
14:15 of 1st period - Stopped by Samuel Ersson with a rebound.
14:21 of 1st period - Wrist shot by Alex Barre-Boulet.
14:21 of 1st period - Shot Misses the Net.
15:20 of 1st period - Icing by Cody Glass.
15:21 of 1st period - Nolan Patrick wins face-off versus Connor Hurley in Condors zone.
15:22 of 1st period - Snap shot by Sebastian Collberg.
15:22 of 1st period - Shot Misses the Net.
15:29 of 1st period - Off-side.
15:30 of 1st period - Tyson Jost wins face-off versus Nolan Patrick in neutral zone.
16:12 of 1st period - Off-side.
16:13 of 1st period - Nolan Patrick wins face-off versus Connor Hurley in neutral zone.
16:28 of 1st period - Wrist shot by Nolan Patrick.
16:28 of 1st period - Goal by Nolan Patrick - Condors : 1 - Wolfpack : 1.
16:29 of 1st period - Yegor Sharangovich wins face-off versus Nolan Patrick in neutral zone.
17:18 of 1st period - Wrist shot by Derrick Pouliot.
17:18 of 1st period - Shot Misses the Net.
17:20 of 1st period - Snap shot by Jakub Lauko.
17:20 of 1st period - Stopped by Stuart Skinner with a rebound.
17:24 of 1st period - Slapshot by Jakub Lauko.
17:24 of 1st period - Stopped by Stuart Skinner with a rebound.
18:10 of 1st period - Snap shot by Nick Shore.
18:10 of 1st period - Stopped by Samuel Ersson without a rebound.
18:11 of 1st period - Nolan Patrick wins face-off versus Tyson Jost in Wolfpack zone.
18:11 of 1st period - Nolan Patrick is hit by Alexandre Carrier.
18:23 of 1st period - Wrist shot by Sebastian Collberg.
18:23 of 1st period - Stopped by Stuart Skinner with a rebound.
18:25 of 1st period - Snap shot by Nolan Patrick.
18:25 of 1st period - Shot Misses the Net.
18:49 of 1st period - Off-side.
18:50 of 1st period - Tyson Jost wins face-off versus Mikhail Vorobyev in neutral zone.
18:53 of 1st period - Slapshot by Yegor Sharangovich.
18:53 of 1st period - Shot Misses the Net.
18:55 of 1st period - Snap shot by Tyson Jost.
18:55 of 1st period - Shot Blocked by Colton White.
18:57 of 1st period - Snap shot by Adam Erne.
18:57 of 1st period - Stopped by Samuel Ersson without a rebound.
18:58 of 1st period - Mikhail Vorobyev wins face-off versus Tyson Jost in Wolfpack zone.
19:12 of 1st period - Wrist shot by Yegor Sharangovich.
19:12 of 1st period - Shot Misses the Net.
19:14 of 1st period - Slapshot by Nikolai Knyzhov.
19:14 of 1st period - Shot Misses the Net.
19:16 of 1st period - Slapshot by Nikolai Knyzhov.
19:16 of 1st period - Shot Misses the Net.
19:18 of 1st period - Wrist shot by Adam Erne.
19:18 of 1st period - Deflect By Tyson Jost.
19:18 of 1st period - Goal by Tyson Jost - Condors : 2 - Wolfpack : 1.
19:19 of 1st period - Nolan Patrick wins face-off versus Tyson Jost in neutral zone.
19:22 of 1st period - Backhand shot by Adam Erne.
19:22 of 1st period - Stopped by Samuel Ersson with a rebound.
19:33 of 1st period - Off-side.
19:34 of 1st period - Nick Shore wins face-off versus Alex Barre-Boulet in neutral zone.
19:49 of 1st period - Snap shot by Alexander Barabanov.
19:49 of 1st period - Shot Misses the Net.
Goals for this period are 2 for Condors vs 1 for Wolfpack.
Shots for this period are 13 for Condors vs 6 for Wolfpack.

2nd period


0:01 of 2nd period - Nolan Patrick wins face-off versus Tyson Jost in neutral zone.
0:30 of 2nd period - Wrist shot by Yegor Korshkov.
0:30 of 2nd period - Deflect By Nick Shore.
0:30 of 2nd period - Shot Blocked by Nick Shore.
0:30 of 2nd period - Puck is out of play.
0:31 of 2nd period - Mikhail Vorobyev wins face-off versus Nick Shore in Condors zone.
0:44 of 2nd period - Slapshot by Alexander Volkov.
0:44 of 2nd period - Deflect By Martin Frk.
0:44 of 2nd period - Shot Misses the Net.
0:44 of 2nd period - Puck is out of play.
0:45 of 2nd period - Tyson Jost wins face-off versus Nolan Patrick in Condors zone.
0:45 of 2nd period - Tyson Jost is hit by Colton White.
0:51 of 2nd period - Sebastian Collberg is hit by Adam Erne and loses puck.
0:56 of 2nd period - Wrist shot by Adam Erne.
0:56 of 2nd period - Deflect By Yegor Sharangovich.
0:56 of 2nd period - Shot Misses the Net.
0:56 of 2nd period - Puck is out of play.
0:57 of 2nd period - Tyson Jost wins face-off versus Alex Barre-Boulet in Wolfpack zone.
1:00 of 2nd period - Snap shot by Yegor Sharangovich.
1:00 of 2nd period - Shot Misses the Net.
1:10 of 2nd period - Snap shot by Alexander Barabanov.
1:10 of 2nd period - Shot Blocked by Yegor Sharangovich.
1:12 of 2nd period - Backhand shot by Owen Tippet.
1:12 of 2nd period - Shot Blocked by Evan Bouchard.
1:49 of 2nd period - Slapshot by Cody Glass.
1:49 of 2nd period - Shot Blocked by K'Andre Miller.
2:10 of 2nd period - Slapshot by Alex Barre-Boulet.
2:10 of 2nd period - Shot Misses the Net.
2:12 of 2nd period - Slapshot by Alex Barre-Boulet.
2:12 of 2nd period - Stopped by Stuart Skinner with a rebound.
2:14 of 2nd period - Wrist shot by Alexander Barabanov.
2:14 of 2nd period - Shot Misses the Net.
2:24 of 2nd period - Joshua Jacobs is hit by Gustav Olofsson and loses puck.
2:36 of 2nd period - Minor Penalty to Sebastian Collberg for Tripping.
2:37 of 2nd period - Nick Shore wins face-off versus Nolan Patrick in Wolfpack zone.
2:39 of 2nd period - Slapshot by Martin Frk.
2:39 of 2nd period - Shot Blocked by Derrick Pouliot.
2:41 of 2nd period - Wrist shot by Adam Erne.
2:41 of 2nd period - Shot Misses the Net.
2:43 of 2nd period - Slapshot by Alexander Alexeyev.
2:43 of 2nd period - Shot Blocked by Derrick Pouliot.
4:24 of 2nd period - Minor Penalty to Nick Shore for Diving.
4:25 of 2nd period - Yegor Sharangovich wins face-off versus Nolan Patrick in Condors zone.
4:36 of 2nd period - Penalty to Sebastian Collberg is over, Sebastian Collberg is back on ice.
5:00 of 2nd period - Slapshot by Ryan Culkin.
5:00 of 2nd period - Stopped by Stuart Skinner with a rebound.
5:02 of 2nd period - Snap shot by Sebastian Collberg.
5:02 of 2nd period - Shot Misses the Net.
5:16 of 2nd period - Wrist shot by Sebastian Collberg.
5:16 of 2nd period - Goal by Sebastian Collberg - Condors : 2 - Wolfpack : 2.
5:17 of 2nd period - Shane Pinto wins face-off versus Nick Shore in neutral zone.
5:24 of 2nd period - Wrist shot by Andrei Altybarmakyan.
5:24 of 2nd period - Stopped by Stuart Skinner with a rebound.
5:26 of 2nd period - Slapshot by Colton White.
5:26 of 2nd period - Stopped by Stuart Skinner with a rebound.
5:28 of 2nd period - Slapshot by Jakub Lauko.
5:28 of 2nd period - Stopped by Stuart Skinner with a rebound.
5:30 of 2nd period - Snap shot by Shane Pinto.
5:30 of 2nd period - Shot Misses the Net.
5:38 of 2nd period - Minor Penalty to Nick Shore for Interference.
5:39 of 2nd period - Nolan Patrick wins face-off versus Yegor Sharangovich in Condors zone.
5:50 of 2nd period - Evan Bouchard is hit by Derrick Pouliot and loses puck.
6:55 of 2nd period - Minor Penalty to Ryan McLeod for Holding.
6:56 of 2nd period - Yegor Sharangovich wins face-off versus Alex Barre-Boulet in Condors zone.
7:27 of 2nd period - Snap shot by Alexandre Carrier.
7:27 of 2nd period - Shot Blocked by Sebastian Collberg.
7:38 of 2nd period - Penalty to Nick Shore is over, Nick Shore is back on ice.
8:19 of 2nd period - Alexander Alexeyev is hit by Nolan Patrick and loses puck.
8:55 of 2nd period - Penalty to Ryan McLeod is over, Ryan McLeod is back on ice.
9:17 of 2nd period - Wrist shot by Pontus Holmberg.
9:17 of 2nd period - Goal by Pontus Holmberg - Condors : 3 - Wolfpack : 2.
9:18 of 2nd period - Alex Barre-Boulet wins face-off versus Tyson Jost in neutral zone.
9:20 of 2nd period - Off-side.
9:21 of 2nd period - Tyson Jost wins face-off versus Alex Barre-Boulet in neutral zone.
9:24 of 2nd period - Slapshot by Evan Bouchard.
9:24 of 2nd period - Shot Misses the Net.
9:26 of 2nd period - Wrist shot by Tyson Jost.
9:26 of 2nd period - Shot Misses the Net.
9:28 of 2nd period - Snap shot by Yegor Sharangovich.
9:28 of 2nd period - Shot Blocked by Derrick Pouliot.
9:30 of 2nd period - Slapshot by Evan Bouchard.
9:30 of 2nd period - Stopped by Samuel Ersson without a rebound.
9:31 of 2nd period - Tyson Jost wins face-off versus Nolan Patrick in Wolfpack zone.
9:32 of 2nd period - Snap shot by Adam Erne.
9:32 of 2nd period - Stopped by Samuel Ersson with a rebound.
9:56 of 2nd period - Martin Frk is hit by Derrick Pouliot and loses puck.
10:02 of 2nd period - Off-side.
10:03 of 2nd period - Tyson Jost wins face-off versus Mikhail Vorobyev in neutral zone.
10:30 of 2nd period - Klim Kostin is hit by Ryan Culkin and loses puck.
10:41 of 2nd period - Snap shot by Nolan Patrick.
10:41 of 2nd period - Shot Misses the Net.
10:57 of 2nd period - Icing by K'Andre Miller.
10:58 of 2nd period - Nolan Patrick wins face-off versus Tyson Jost in Wolfpack zone.
11:05 of 2nd period - Adam Erne is hit by Alexander Barabanov and loses puck.
11:58 of 2nd period - Snap shot by Sebastian Collberg.
11:58 of 2nd period - Shot Misses the Net.
12:00 of 2nd period - Wrist shot by Nolan Patrick.
12:00 of 2nd period - Stopped by Stuart Skinner without a rebound.
12:01 of 2nd period - Nick Shore wins face-off versus Alexander Volkov in Condors zone.
12:01 of 2nd period - Nick Shore is hit by Yegor Korshkov.
12:51 of 2nd period - Slapshot by Alexandre Carrier.
12:51 of 2nd period - Shot Misses the Net.
13:40 of 2nd period - Slapshot by Evan Bouchard.
13:40 of 2nd period - Shot Misses the Net.
14:00 of 2nd period - Minor Penalty to Cale Fleury for Slashing.
14:01 of 2nd period - Adam Erne wins face-off versus Nolan Patrick in Wolfpack zone.
14:06 of 2nd period - Backhand shot by Martin Frk.
14:06 of 2nd period - Shot Misses the Net.
14:08 of 2nd period - Snap shot by Adam Erne.
14:08 of 2nd period - Shot Misses the Net.
14:10 of 2nd period - Slapshot by Gustav Olofsson.
14:10 of 2nd period - Shot Misses the Net.
14:36 of 2nd period - Yegor Korshkov is hit by Yegor Sharangovich and loses puck.
15:35 of 2nd period - K'Andre Miller is hit by Nick Shore and loses puck.
16:00 of 2nd period - Penalty to Cale Fleury is over, Cale Fleury is back on ice.
16:07 of 2nd period - Off-side.
16:08 of 2nd period - Alex Barre-Boulet wins face-off versus Taro Hirose in neutral zone.
16:15 of 2nd period - Snap shot by Taro Hirose.
16:15 of 2nd period - Stopped by Samuel Ersson without a rebound.
16:16 of 2nd period - Alex Barre-Boulet wins face-off versus Connor Hurley in Wolfpack zone.
16:52 of 2nd period - Icing by Joshua Jacobs.
16:53 of 2nd period - Tyson Jost wins face-off versus Mikhail Vorobyev in Wolfpack zone.
16:59 of 2nd period - Minor Penalty to Adam Erne for Tripping.
17:00 of 2nd period - Nolan Patrick wins face-off versus Nick Shore in Condors zone.
17:02 of 2nd period - Snap shot by Alexander Barabanov.
17:02 of 2nd period - Stopped by Stuart Skinner without a rebound.
17:03 of 2nd period - Nick Shore wins face-off versus Nolan Patrick in Condors zone.
17:16 of 2nd period - Snap shot by Sebastian Collberg.
17:16 of 2nd period - Shot Blocked by Nick Shore.
17:18 of 2nd period - Snap shot by Sebastian Collberg.
17:18 of 2nd period - Shot Misses the Net.
18:59 of 2nd period - Penalty to Adam Erne is over, Adam Erne is back on ice.
19:28 of 2nd period - Minor Penalty to Shane Pinto for Tripping.
19:29 of 2nd period - Alexander Barabanov wins face-off versus Martin Frk in Wolfpack zone.
19:29 of 2nd period - Alexander Barabanov is hit by Adam Erne.
19:39 of 2nd period - Slapshot by Nolan Patrick.
19:39 of 2nd period - Deflect By Nick Shore.
19:39 of 2nd period - Stopped by Stuart Skinner without a rebound.
19:40 of 2nd period - Nolan Patrick wins face-off versus Nick Shore in Condors zone.
19:41 of 2nd period - Snap shot by Alexander Barabanov.
19:41 of 2nd period - Deflect By Evan Bouchard.
19:41 of 2nd period - Shot Blocked by Evan Bouchard.
19:41 of 2nd period - Puck is out of play.
19:42 of 2nd period - Nick Shore wins face-off versus Nolan Patrick in Condors zone.
Goals for this period are 1 for Condors vs 1 for Wolfpack.
Shots for this period are 4 for Condors vs 9 for Wolfpack.

3rd period


0:01 of 3rd period - Nick Shore wins face-off versus Nolan Patrick in neutral zone.
1:00 of 3rd period - Alexander Barabanov is hit by Klim Kostin and loses puck.
1:28 of 3rd period - Penalty to Shane Pinto is over, Shane Pinto is back on ice.
1:34 of 3rd period - Ryan Culkin is hit by Evan Bouchard and loses puck.
1:43 of 3rd period - Snap shot by Cody Glass.
1:43 of 3rd period - Stopped by Samuel Ersson with a rebound.
2:55 of 3rd period - Gustav Olofsson is hit by Andrei Altybarmakyan and loses puck.
3:16 of 3rd period - Off-side.
3:17 of 3rd period - Connor Hurley wins face-off versus Mikhail Vorobyev in neutral zone.
3:30 of 3rd period - Snap shot by Connor Hurley.
3:30 of 3rd period - Stopped by Samuel Ersson without a rebound.
3:31 of 3rd period - Alex Barre-Boulet wins face-off versus Nick Shore in Wolfpack zone.
3:31 of 3rd period - Alexander Barabanov is hit by Nick Shore and loses puck.
3:44 of 3rd period - Snap shot by K'Andre Miller.
3:44 of 3rd period - Shot Misses the Net.
4:26 of 3rd period - Snap shot by Shane Pinto.
4:26 of 3rd period - Deflect By Jakub Lauko.
4:26 of 3rd period - Stopped by Stuart Skinner with a rebound.
4:36 of 3rd period - Slapshot by Yegor Korshkov.
4:36 of 3rd period - Shot Misses the Net.
4:38 of 3rd period - Snap shot by Joshua Jacobs.
4:38 of 3rd period - Shot Blocked by Evan Bouchard.
4:40 of 3rd period - Snap shot by Mikhail Vorobyev.
4:40 of 3rd period - Stopped by Stuart Skinner with a rebound.
4:42 of 3rd period - Snap shot by Mikhail Vorobyev.
4:42 of 3rd period - Stopped by Stuart Skinner with a rebound.
4:58 of 3rd period - Backhand shot by Alexandre Carrier.
4:58 of 3rd period - Shot Misses the Net.
5:00 of 3rd period - Snap shot by Raphael Lavoie.
5:00 of 3rd period - Shot Misses the Net.
5:02 of 3rd period - Snap shot by Pontus Holmberg.
5:02 of 3rd period - Shot Blocked by Derrick Pouliot.
5:04 of 3rd period - Backhand shot by Ryan McLeod.
5:04 of 3rd period - Shot Misses the Net.
5:06 of 3rd period - Wrist shot by Raphael Lavoie.
5:06 of 3rd period - Shot Hit the Post.
5:20 of 3rd period - Snap shot by Nolan Patrick.
5:20 of 3rd period - Stopped by Stuart Skinner without a rebound.
5:21 of 3rd period - Tyson Jost wins face-off versus Nolan Patrick in Condors zone.
6:35 of 3rd period - Yegor Sharangovich is hit by Colton White and loses puck.
6:50 of 3rd period - Snap shot by Pontus Holmberg.
6:50 of 3rd period - Shot Misses the Net.
6:52 of 3rd period - Slapshot by Nikolai Knyzhov.
6:52 of 3rd period - Stopped by Samuel Ersson without a rebound.
6:53 of 3rd period - Ryan McLeod wins face-off versus Mikhail Vorobyev in Wolfpack zone.
6:54 of 3rd period - Backhand shot by Pontus Holmberg.
6:54 of 3rd period - Goal by Pontus Holmberg - Condors : 4 - Wolfpack : 2.
6:55 of 3rd period - Alex Barre-Boulet wins face-off versus Tyson Jost in neutral zone.
7:02 of 3rd period - Snap shot by Alex Barre-Boulet.
7:02 of 3rd period - Stopped by Stuart Skinner with a rebound.
7:21 of 3rd period - Minor Penalty to Nolan Patrick for Slashing.
7:22 of 3rd period - Nick Shore wins face-off versus Alexander Barabanov in Wolfpack zone.
7:37 of 3rd period - Wrist shot by Alexander Barabanov.
7:37 of 3rd period - Stopped by Stuart Skinner with a rebound.
8:18 of 3rd period - Snap shot by Yegor Sharangovich.
8:18 of 3rd period - Deflect By Klim Kostin.
8:18 of 3rd period - Stopped by Samuel Ersson with a rebound.
8:20 of 3rd period - Snap shot by Klim Kostin.
8:20 of 3rd period - Shot Misses the Net.
8:22 of 3rd period - Snap shot by Klim Kostin.
8:22 of 3rd period - Stopped by Samuel Ersson without a rebound.
8:23 of 3rd period - Nick Shore wins face-off versus Mikhail Vorobyev in Wolfpack zone.
8:26 of 3rd period - Wrist shot by Nick Shore.
8:26 of 3rd period - Shot Blocked by Derrick Pouliot.
8:28 of 3rd period - Snap shot by Nick Shore.
8:28 of 3rd period - Shot Blocked by Colton White.
8:30 of 3rd period - Snap shot by Alexander Alexeyev.
8:30 of 3rd period - Shot Blocked by Derrick Pouliot.
8:32 of 3rd period - Slapshot by Gustav Olofsson.
8:32 of 3rd period - Stopped by Samuel Ersson with a rebound.
8:36 of 3rd period - Snap shot by Martin Frk.
8:36 of 3rd period - Shot Blocked by Colton White.
8:38 of 3rd period - Slapshot by Adam Erne.
8:38 of 3rd period - Stopped by Samuel Ersson with a rebound.
8:40 of 3rd period - Snap shot by Adam Erne.
8:40 of 3rd period - Shot Misses the Net.
9:21 of 3rd period - Penalty to Nolan Patrick is over, Nolan Patrick is back on ice.
9:30 of 3rd period - Nolan Patrick is hit by Taro Hirose and loses puck.
9:54 of 3rd period - Snap shot by Connor Hurley.
9:54 of 3rd period - Shot Blocked by Joshua Jacobs.
9:56 of 3rd period - Slapshot by Jordan Subban.
9:56 of 3rd period - Stopped by Samuel Ersson without a rebound.
9:57 of 3rd period - Ryan McLeod wins face-off versus Nolan Patrick in Wolfpack zone.
9:58 of 3rd period - Wrist shot by Pontus Holmberg.
9:58 of 3rd period - Shot Blocked by Sebastian Collberg.
11:39 of 3rd period - Snap shot by Martin Frk.
11:39 of 3rd period - Shot Misses the Net.
12:05 of 3rd period - K'Andre Miller is hit by Adam Erne and loses puck.
12:24 of 3rd period - Snap shot by Taro Hirose.
12:24 of 3rd period - Stopped by Samuel Ersson with a rebound.
12:26 of 3rd period - Slapshot by Evan Bouchard.
12:26 of 3rd period - Deflect By Jakub Lauko.
12:26 of 3rd period - Stopped by Samuel Ersson without a rebound.
12:27 of 3rd period - Mikhail Vorobyev wins face-off versus Martin Frk in Wolfpack zone.
12:27 of 3rd period - Mikhail Vorobyev is hit by Nick Shore.
12:35 of 3rd period - Snap shot by Yegor Korshkov.
12:35 of 3rd period - Stopped by Stuart Skinner with a rebound.
12:43 of 3rd period - Slapshot by Evan Bouchard.
12:43 of 3rd period - Stopped by Samuel Ersson with a rebound.
12:54 of 3rd period - Off-side.
12:55 of 3rd period - Tyson Jost wins face-off versus Nolan Patrick in neutral zone.
13:26 of 3rd period - Off-side.
13:27 of 3rd period - Mikhail Vorobyev wins face-off versus Nick Shore in neutral zone.
13:30 of 3rd period - Wrist shot by Yegor Korshkov.
13:30 of 3rd period - Stopped by Stuart Skinner without a rebound.
13:31 of 3rd period - Nick Shore wins face-off versus Mikhail Vorobyev in Condors zone.
13:40 of 3rd period - Snap shot by Nick Shore.
13:40 of 3rd period - Stopped by Samuel Ersson with a rebound.
13:42 of 3rd period - Wrist shot by Evan Bouchard.
13:42 of 3rd period - Stopped by Samuel Ersson without a rebound.
13:43 of 3rd period - Tyson Jost wins face-off versus Alex Barre-Boulet in Wolfpack zone.
13:48 of 3rd period - Snap shot by Tyson Jost.
13:48 of 3rd period - Stopped by Samuel Ersson with a rebound.
13:50 of 3rd period - Wrist shot by Tyson Jost.
13:50 of 3rd period - Shot Misses the Net.
13:52 of 3rd period - Slapshot by Evan Bouchard.
13:52 of 3rd period - Stopped by Samuel Ersson without a rebound.
13:53 of 3rd period - Alex Barre-Boulet wins face-off versus Tyson Jost in Wolfpack zone.
14:04 of 3rd period - Slapshot by Alexandre Carrier.
14:04 of 3rd period - Deflect By Adam Erne.
14:04 of 3rd period - Shot Misses the Net.
14:04 of 3rd period - Puck is out of play.
14:05 of 3rd period - Nolan Patrick wins face-off versus Tyson Jost in Wolfpack zone.
14:05 of 3rd period - Nolan Patrick is hit by Yegor Sharangovich.
14:11 of 3rd period - Wrist shot by Tyson Jost.
14:11 of 3rd period - Shot Blocked by Sebastian Collberg.
15:12 of 3rd period - Wrist shot by Pontus Holmberg.
15:12 of 3rd period - Stopped by Samuel Ersson with a rebound.
15:14 of 3rd period - Slapshot by Nikolai Knyzhov.
15:14 of 3rd period - Stopped by Samuel Ersson with a rebound.
15:16 of 3rd period - Snap shot by Raphael Lavoie.
15:16 of 3rd period - Stopped by Samuel Ersson without a rebound.
15:17 of 3rd period - Mikhail Vorobyev wins face-off versus Tyson Jost in Wolfpack zone.
15:25 of 3rd period - Icing by Alexandre Carrier.
15:26 of 3rd period - Mikhail Vorobyev wins face-off versus Tyson Jost in Condors zone.
15:59 of 3rd period - Slapshot by Adam Erne.
15:59 of 3rd period - Stopped by Samuel Ersson with a rebound.
16:01 of 3rd period - Slapshot by Evan Bouchard.
16:01 of 3rd period - Stopped by Samuel Ersson with a rebound.
16:31 of 3rd period - Slapshot by K'Andre Miller.
16:31 of 3rd period - Shot Misses the Net.
16:52 of 3rd period - Icing by Yegor Korshkov.
16:53 of 3rd period - Connor Hurley wins face-off versus Mikhail Vorobyev in Wolfpack zone.
16:56 of 3rd period - Snap shot by Taro Hirose.
16:56 of 3rd period - Shot Misses the Net.
17:17 of 3rd period - Off-side.
17:18 of 3rd period - Ryan McLeod wins face-off versus Nolan Patrick in neutral zone.
17:21 of 3rd period - Backhand shot by Nikolai Knyzhov.
17:21 of 3rd period - Shot Misses the Net.
17:23 of 3rd period - Slapshot by Nikolai Knyzhov.
17:23 of 3rd period - Deflect By Raphael Lavoie.
17:23 of 3rd period - Goal by Raphael Lavoie - Condors : 5 - Wolfpack : 2.
17:24 of 3rd period - Nick Shore wins face-off versus Nolan Patrick in neutral zone.
17:29 of 3rd period - Snap shot by Nick Shore.
17:29 of 3rd period - Stopped by Samuel Ersson without a rebound.
17:30 of 3rd period - Nick Shore wins face-off versus Nolan Patrick in Wolfpack zone.
17:35 of 3rd period - Snap shot by Martin Frk.
17:35 of 3rd period - Shot Misses the Net.
17:37 of 3rd period - Backhand shot by Alexandre Carrier.
17:37 of 3rd period - Shot Hit the Post.
17:39 of 3rd period - Wrist shot by Martin Frk.
17:39 of 3rd period - Stopped by Samuel Ersson without a rebound.
17:40 of 3rd period - Tyson Jost wins face-off versus Alex Barre-Boulet in Wolfpack zone.
17:41 of 3rd period - Slapshot by Adam Erne.
17:41 of 3rd period - Shot Blocked by Alexander Barabanov.
18:06 of 3rd period - Gustav Olofsson is hit by Alexander Volkov and loses puck.
18:28 of 3rd period - Derrick Pouliot is hit by Alexandre Carrier and loses puck.
18:39 of 3rd period - Slapshot by Nick Shore.
18:39 of 3rd period - Stopped by Samuel Ersson without a rebound.
18:40 of 3rd period - Tyson Jost wins face-off versus Alex Barre-Boulet in Wolfpack zone.
18:45 of 3rd period - Wrist shot by Tyson Jost.
18:45 of 3rd period - Shot Misses the Net.
18:51 of 3rd period - Jordan Subban is hit by Owen Tippet and loses puck.
19:17 of 3rd period - Wrist shot by Alexandre Carrier.
19:17 of 3rd period - Stopped by Samuel Ersson with a rebound.
19:33 of 3rd period - Adam Erne is hit by Mikhail Vorobyev and loses puck.
Goals for this period are 2 for Condors vs 0 for Wolfpack.
Shots for this period are 26 for Condors vs 8 for Wolfpack.